 Dungeon Crawl Stone Soup version 0.29-a0-819-g94b489e0ae (webtiles) character file.

Game seed: 13973240300513640250

99 LynnLen the Sneak (level 4, 0/24 HPs)
             Began as a Vampire Enchanter on July 6, 2022.
             Slain by a kobold
             ... wielding a +0 whip
              (3 damage)
             ... in a sewer.
             The game lasted 00:07:32 (3233 turns).

LynnLen the Sneak (Vampire Enchanter)               Turns: 3233, Time: 00:07:33

Health: 0/24       AC:  4    Str:  7    XL:     4   Next: 45%
Magic:  7/7        EV: 11    Int: 17    God:
Gold:   212        SH:  3    Dex: 16    Spells: 1/7 levels left

rFire   . . .      SeeInvis +   a - +1 dagger
rCold   + + .      Faith    .   k - +0 buckler
rNeg    + + +      Spirit   .   j - +0 leather armour
rPois   ∞          Reflect  .   (no helmet)
rElec   .          Harm     .   (no cloak)
rCorr   .          Rampage  .   (no gloves)
Will    .....                   g - +0 pair of boots
Stlth   +++++.....              (no amulet)
HPRegen 0.00/turn               (no ring)
MPRegen 0.10/turn               (no ring)

@: brilliant, bloodless, inhibited regen
A: bloodless, fangs 3, see invisible, vampiric 2
a: Bat Form, Revivify


You were in a sewer.
You visited 1 branch of the dungeon, and saw 3 of its levels.
You also visited: Sewer.

You collected 212 gold pieces.

Inventory:

Hand Weapons
 a - a +1 dagger (weapon)
Armour
 g - a +0 pair of boots (worn)
 j - a +0 leather armour (worn)
 k - a +0 buckler (worn)
Scrolls
 e - 2 scrolls of poison
Potions
 c - 3 potions of invisibility
 h - a potion of brilliance


   Skills:
 + Level 1.8 Short Blades
 + Level 2.5 Dodging
 * Level 7.0 Stealth
 * Level 2.2 Spellcasting
 + Level 4.8 Hexes


You had one spell level left.
You knew the following spells:

 Your Spells              Type           Power      Damage    Failure   Level
a - Confusing Touch       Hex            27%        N/A       16%         3
b - Tukima's Dance        Hex            27%        N/A       16%         3

Your spell library contained the following spells:

 Spells                   Type           Power      Damage    Failure   Level
 Sting                    Tmut/Pois      8%         1d3       36%         1
 Ensorcelled Hibernation  Hex/Ice        30%        N/A       22%         2
 Dazzling Flash           Conj/Hex       30%        N/A       41%         3
 Poisonous Vapours        Pois/Air       4%         N/A       52%         2
 Frozen Ramparts          Ice            4%         1d2       75%         3
 Corpse Rot               Necr/Pois/Air  2%         N/A       98%         4
 Dispel Undead            Necr           2%         3d7       98%         4
 Ice Form                 Ice/Tmut       2%         N/A       98%         4
 Olgreb's Toxic Radiance  Pois           2%         N/A       98%         4
 Summon Ice Beast         Ice/Summ       2%         N/A       98%         4
 Death Channel            Necr           1%         N/A       100%        6


Dungeon Overview and Level Annotations

Branches:
Dungeon (3/15)              Sewer (1/1)

Altars:
Ashenzari


Innate Abilities, Weirdness & Mutations

You do not regenerate when monsters are visible.
You are frail without blood (-20% HP).
You can heal yourself when you bite living creatures.
You are immune to poison.
You have razor-sharp teeth.
You have supernaturally acute eyesight. (SInv)
You are afflicted with vampirism and can become a bat while bloodless.


Message History

The kobold brigand is lightly wounded.
The kobold brigand hits you with a +0 short sword.
The kobold barely misses you.
You hit the kobold brigand.
The kobold brigand is lightly wounded.
The kobold brigand misses you. The kobold closely misses you.
You hit the kobold brigand.
The kobold brigand is moderately wounded.
The kobold brigand barely misses you. The kobold barely misses you.
You barely miss the kobold brigand.
The kobold brigand is moderately wounded.
The kobold brigand misses you. The kobold hits you with a +0 whip.
You hit the kobold brigand.
The kobold brigand is moderately wounded.
The kobold brigand hits you with a +0 short sword.
The kobold hits you but does no damage.
You hit the kobold brigand.
The kobold brigand is moderately wounded.
You block the kobold's attack. The kobold brigand barely misses you.
You hit the kobold brigand.
The kobold brigand is heavily wounded.
You block the kobold brigand's attack. The kobold hits you with a +0 whip.
You closely miss the kobold brigand.
You bite the kobold brigand, but do no damage.
The kobold brigand is heavily wounded.
The kobold brigand hits you with a +0 short sword.
* * * LOW HITPOINT WARNING * * *
The kobold hits you with a +0 whip.
* * * LOW HITPOINT WARNING * * *
It was a potion of magic.
Magic courses through your body.
The kobold brigand hits you with a +0 short sword.
* * * LOW HITPOINT WARNING * * *
The kobold hits you but does no damage.
It was a potion of brilliance.
You feel clever all of a sudden. The kobold brigand closely misses you.
The kobold closely misses you.
The air fills with toxic fumes!
As you read the scroll of poison, it crumbles to dust.
You block the kobold brigand's attack. The kobold hits you with a +0 whip.
You die...

≈≈≈≈≈≈#...≈≈≈≈≈≈≈#
≈≈≈≈≈§#§§.#≈≈≈≈≈≈#
≈≈≈≈≈.§§§....≈≈≈≈#
.≈≈≈..#§§≈#..≈≈.≈#
......#§§≈#).....#
#+#######§#######§#
#..§§§§#§§§#§§§§§§#
#≈.§§§§§§§§§§§§§§§≈.≈≈#
#≈≈≈≈≈≈#§K@#≈≈≈≈≈≈#≈≈≈#
#########K#############
#§§. §§§§.K +§§§§...
+§§§§S§.+ +§§§§...+
#§§§§§..#


You could see a kobold brigand and a kobold.

Vanquished Creatures
  3 adders
  A shadow imp (Sewer)
  An ufetubus (Sewer)
  A worm (D:3)
  A dart slug (D:3)
  7 endoplasms
  2 giant cockroaches (Sewer)
  4 goblins
  2 hobgoblins
  2 jackals (D:1)
  2 quokkas
  3 ball pythons
  5 bats
  2 frilled lizards
  12 kobolds
  5 rats
53 creatures vanquished.

Vanquished Creatures (others)
  A kobold zombie (Sewer)
1 creature vanquished.

Grand Total: 54 creatures vanquished

Notes
Turn   | Place    | Note
-------+----------+-------------------------------------------
     0 | D:1      | LynnLen the Vampire Enchanter began the quest for the Orb.
     0 | D:1      | Reached XP level 1. HP: 13/13 MP: 3/3
   806 | D:1      | Reached XP level 2. HP: 13/15 MP: 5/5
   887 | D:1      | Reached skill level 5 in Stealth
  1658 | D:2      | Gained mutation: You are afflicted with vampirism and can
                  | become a bat while bloodless. [Vampire growth]
  1658 | D:2      | Reached XP level 3. HP: 19/19 MP: 6/6
  1662 | D:2      | Learned a level 3 spell: Confusing Touch
  1666 | D:2      | Learned a level 3 spell: Tukima's Dance
  2193 | D:2      | Found a broken altar of Ashenzari.
  2293 | D:2      | Reached skill level 6 in Stealth
  2742 | D:3      | Reached XP level 4. HP: 19/24 MP: 7/7
  2745 | D:3      | Identified the +2 ring mail "Sugriol" {rF+ Dex+4 Stlth+}
  2763 | D:3      | Found a glowing drain.
  2775 | Sewer    | Entered a sewer
  3072 | Sewer    | Reached skill level 7 in Stealth
  3203 | Sewer    | Found a burning altar of Makhleb.
  3203 | Sewer    | Noticed a kobold brigand
  3233 | Sewer    | Slain by a kobold

Illustrated notes

Levels and vault maps discovered:
D:1:      minmay_arrival_cross, layout_basic
D:2:      minmay_general_purpose_star, layout_loops_corners, basic_altar
D:3:      layout_rooms, cheibrodos_sewer_entry_sluice,
          chequers_serial_rivers_room_a, st_stairs_5
Sewer:    kennysheep_sewer_church

Skill      XL: |  1  2  3  4 |
---------------+-------------+-----
Stealth        | 5 6 7 |  7.0
Short Blades   | |  1.8
Dodging        | |  2.5
Spellcasting   | |  2.2
Hexes          | |  4.8

Action                   |  1- 3 |  4- 6 || total
-------------------------+-------+-------++-------
Melee: Dagger            |   100 |    57 ||   157
       Bite              |    14 |     3 ||    17
 Abil: Exsanguinate      |     1 |       ||     1
  Use: Scroll            |     4 |     1 ||     5
       Potion            |     2 |     3 ||     5
 Stab: Sleeping          |    15 |     7 ||    22
       Distracted        |     1 |       ||     1
Armor: Robe              |    10 |       ||    10
       Leather armour    |    17 |    16 ||    33
Dodge: Dodged            |    47 |    34 ||    81
Block: Buckler           |     4 |     9 ||    13

Table legend: (Time is in decaauts)
 A = Elapsed time spent in this place.
 B = Non-inter-level travel time spent in this place.
 C = Inter-level travel time spent in this place.
 D = Time resting spent in this place.
 E = Time spent auto-exploring this place.
 F = Levels seen in this place.
 G = Mean time per level.
                   A        B        C        D        E       F      G
               +--------+--------+--------+--------+--------+-----+--------+
         Total |   3232 |   3232 |      0 |    715 |   1768 |   4 |  808.0 |
       Dungeon |   2773 |   2773 |      0 |    403 |   1732 |   3 |  924.3 |
         Sewer |    458 |    458 |      0 |    312 |     36 |   1 |  458.0 |
               +--------+--------+--------+--------+--------+-----+--------+

Top non-repeatable levels by time:
     D:1: 1554 daAuts
     D:2: 1051 daAuts
   Sewer: 458 daAuts
     D:3: 168 daAuts
